 Dungeon Crawl Stone Soup version 0.21.1-1-g345015f (webtiles) character file.

19 Iko the Insei (level 2, -6/23 HPs)
             Began as a Gnoll Transmuter on Apr 30, 2018.
             Mangled by a slave (8 damage)
             ... led by Pikel
             ... on level 4 of the Dungeon.
             The game lasted 00:07:22 (680 turns).

Iko the Insei (Gnoll Transmuter)                     Turns: 680, Time: 00:07:23

Health: -6/23      AC:  9    Str: 12    XL:     2   Next: 75%
Magic:  7/7        EV: 17    Int: 15    God:
Gold:   34         SH:  0    Dex: 15    Spells: 10/10 levels left

rFire    . . .     SeeInvis .   a - +0 mace (curse)
rCold    . . .     Gourm    .   (no shield)
rNeg     . . .     Faith    .   i - +4 ring mail
rPois    +         Spirit   .   (no helmet)
rElec    .         Reflect  .   (no cloak)
rCorr    .         Harm     .   (no gloves)
MR       .....                  (no boots)
Stlth    +.........             (no amulet)
HPRegen  0.07/turn              e - ring of poison resistance
MPRegen  0.10/turn              f - +4 ring of evasion

@: no status effects
A: distributed training, fangs 1, strong nose
a: no special abilities


You were on level 4 of the Dungeon.
You were not hungry.

You visited 1 branch of the dungeon, and saw 4 of its levels.

You collected 34 gold pieces.

Inventory:

Hand Weapons
 a - a cursed +0 mace (weapon)
Armour
 b - a +0 robe
 i - a +4 ring mail (worn)
Jewellery
 e - a ring of poison resistance (left hand)
 f - a +4 ring of evasion (right hand)
Scrolls
 h - a scroll of identify
 j - a scroll of remove curse
Books
 c - a book of Changes

   Spells                             Type                      Level
   a - Beastly Appendage              Transmutation                1
   b - Sticks to Snakes               Transmutation                2
   c - Spider Form                    Transmutation/Poison         3
   d - Ice Form                       Ice/Transmutation            4
   e - Blade Hands                    Transmutation                5
Comestibles
 d - 5 rations


   Skills:
 + Level 2.5 Fighting
 + Level 0.5 Short Blades
 + Level 0.5 Long Blades
 + Level 0.5 Axes
 + Level 0.5 Maces & Flails
 + Level 0.5 Polearms
 + Level 0.5 Staves
 + Level 0.5 Slings
 + Level 0.5 Bows
 + Level 0.5 Crossbows
 + Level 0.5 Throwing
 + Level 0.5 Armour
 + Level 4.5 Dodging
 + Level 0.5 Stealth
 + Level 0.5 Shields
 + Level 6.5 Unarmed Combat
 + Level 4.9 Spellcasting
 + Level 0.3 Conjurations
 + Level 0.3 Hexes
 + Level 0.3 Charms
 + Level 0.3 Summonings
 + Level 0.3 Necromancy
 + Level 0.3 Translocations
 + Level 3.7 Transmutations
 + Level 0.3 Fire Magic
 + Level 0.3 Ice Magic
 + Level 0.3 Air Magic
 + Level 0.3 Earth Magic
 + Level 0.3 Poison Magic
 + Level 0.6 Invocations
 + Level 0.5 Evocations


You had 10 spell levels left.
You didn't know any spells.

Dungeon Overview and Level Annotations

Branches:
Dungeon (4/15)
 Temple: D:4-7

Altars:

Annotations:
D:4 Pikel, Terence


Innate Abilities, Weirdness & Mutations

Your experience applies equally to all skills.
You have very sharp teeth.
Your uncanny sense of smell can sniff out nearby items.


Message History

The slave misses you. The slave hits you. The slave completely misses you.
You closely miss Pikel. You bite Pikel, but do no damage. The slave hits you.
You closely miss Pikel. Pikel misses you. Pikel closely misses you.
You closely miss Pikel. You punch Pikel. You bite Pikel, but do no damage.
Pikel is lightly wounded.
The hound barely misses you. The slave closely misses you.
The hound closely misses you. Pikel hits you with a whip of flaming.
* * * LOW HITPOINT WARNING * * *
Pikel burns you.
* * * LOW HITPOINT WARNING * * *
The slave completely misses you.
You barely miss Pikel.
Pikel is lightly wounded.
The hound misses you. The hound barely misses you. Pikel barely misses you.
The slave closely misses you.
You hit Pikel.
Pikel is lightly wounded.
The hound bites you but does no damage. Pikel hits you but does no damage.
The slave hits you!
You die...

## ## .. .# #.
.# #. .#
#####.####.#
#.)..p@Kp..#
#.###h##...###
....p.......#
.####@####...#
.%. ..## #...
.# #... .#
.... # .#..


You could see Pikel, 3 slaves and a hound.

Vanquished Creatures
  An adder (D:3)
  A leopard gecko (D:2)
  A ball python (D:1)
  A goblin (D:1)
  2 hobgoblins
  A bat (D:1)
  A frilled lizard (D:2)
  A kobold (D:3)
  A rat (D:2)
10 creatures vanquished.

Notes
Turn   | Place    | Note
-------+----------+-------------------------------------------
     0 | D:1      | Iko the Gnoll Transmuter began the quest for the Orb.
     0 | D:1      | Reached XP level 1. HP: 17/17 MP: 6/6
   342 | D:2      | Reached XP level 2. HP: 12/23 MP: 7/7
   640 | D:3      | Noticed Terence
   665 | D:4      | Noticed Pikel
   665 | D:4      | Noticed a slave
   665 | D:4      | Noticed a slave
   665 | D:4      | Noticed a slave
   665 | D:4      | Noticed a slave
   680 | D:4      | Mangled by a slave

Action                   || total
-------------------------++-------
Melee: Mace              ||    40
       Bite              ||     4
       Punch             ||     1
 Cast: Beastly Appendage ||     1
  Use: Scroll            ||     2
       Potion            ||     1
Armor: Robe              ||     1
       Ring mail         ||    12
Dodge: Dodged            ||    56
